Map: [G8] NeoHumanity

Players

Dark - Winner!

  • Race: Zerg Zerg
  • Spawn Location: 5:00

Clem

  • Race: Terran Terran
  • Spawn Location: 11:00

Event: Gamers8 2023

VOD

Have the link to the VOD?

Description

Time

  • Played on: Aug. 3, 2023, 7:53 a.m.
  • Length: 10:14

All games in this series

Show
View Real Time Build Order
Export as new Build Order

Dark Zerg - Winner!

Build Orders: Hatch First 

Get SALT Encoding   

  12  0:00  Drone  
  13  0:11  Overlord  
  13  0:17  Drone  
  14  0:30  Drone x2  
  16  0:50  Hatchery  
  16  0:53  Drone  
  16  0:56  Drone  
  17  1:10  Spawning Pool  
  16  1:13  Drone  
  16  1:17  Drone  
  18  1:20  Drone  
  19  1:30  Drone  
  20  1:40  Drone  
  21  1:48  Hatchery  
  21  1:50  Drone  
  21  2:01  Queen  
  21  2:02  Zergling x4  
  25  2:11  Queen  
  25  2:14  Zergling x2  
  28  2:17  Overlord  
  28  2:36  Drone  
  28  2:37  Drone x3  
  30  2:39  Queen  
  33  2:47  Queen  
  35  2:53  Overlord  
  35  2:59  Queen  
  35  3:00  Overlord  
  35  3:02  Drone  
  35  3:03  Drone  
  39  3:07  Drone  
  39  3:09  Drone  
  39  3:11  Drone  
  39  3:12  Drone  
  43  3:14  Drone  
  43  3:16  Drone  
  45  3:23  Drone x2  
  45  3:24  Drone x2  
  49  3:31  Drone x4  
  53  3:35  Queen  
  53  3:40  Queen  
  57  3:44  Overlord  
  57  3:48  Overlord  
  57  3:52  Overlord  
  57  3:56  Overlord  
  57  3:57  Overlord  
  57  4:00  Extractor  
  57  4:02  Drone x3  
  59  4:03  Extractor, Drone  
  59  4:04  Drone x2  
  59  4:06  Drone  
  59  4:08  Drone x2  
  64  4:10  Drone  
  64  4:11  Drone  
  64  4:12  Drone  
  64  4:14  Drone  
  64  4:16  Drone  
  69  4:20  Drone  
  69  4:21  Roach Warren  
  69  4:23  Drone x2  
  71  4:32  Extractor x2, Drone x2  
  71  4:36  Drone  
  72  4:38  Drone x3  
  75  4:46  Overlord  
  75  4:48  Lair  
  75  4:50  Extractor, Drone x2  
  75  4:51  Extractor  
  75  4:53  Overlord, Drone x2  
  75  4:55  Overlord  
  75  4:56  Drone x3  
  80  5:02  Evolution Chamber, Roach  
  80  5:03  Roach, Evolution Chamber  
  80  5:07  Roach  
  84  5:13  Roach x5  
  94  5:21  Roach x5  
  104  5:32  Drone x5  
  109  5:36  Zerg Missile Weapons Level 1  
  109  5:37  Zerg Ground Armor Level 1  
  109  5:42  Drone  
  110  5:44  Overlord  
  110  5:47  Overlord  
  110  5:48  Overlord  
  110  5:53  Glial Reconstitution  
  110  5:58  Hatchery  
  110  5:59  Roach x2  
  110  6:00  Roach x3  
  110  6:02  Roach  
  121  6:07  Drone  
  121  6:08  Drone  
  123  6:17  Drone x3  
  126  6:19  Roach x3  
  126  6:20  Roach x2  
  126  6:22  Roach  
  138  6:26  Roach x2  
  138  6:27  Roach  
  138  6:29  Overseer  
  138  6:30  Overlord  
  144  6:32  Overlord  
  144  6:33  Unknown  
  144  6:39  Roach  
  145  6:46  Ravager  
  141  6:47  Ravager  
  141  6:48  Roach  
  141  6:50  Roach x5  
  141  6:51  Roach  
  149  6:55  Roach x2  
  149  6:58  Roach x4, Overlord  
  161  7:03  Overlord  
  161  7:05  Overlord  
  161  7:06  Overlord  
  161  7:10  Roach  
  161  7:14  Roach  
  165  7:16  Roach  
  165  7:21  Roach x3  
  165  7:22  Overlord x2  
  172  7:23  Ravager x4  
  172  7:24  Roach  
  172  7:25  Ravager x5  
  183  7:32  Ravager  
  183  7:33  Ravager  
  183  7:35  Roach  
  183  7:36  Roach x2  
  189  7:38  Roach x2  
  189  7:41  Roach x2  
  197  7:45  Roach  
  199  7:56  Zerg Missile Weapons Level 2, Roach  
  199  7:57  Roach  
  199  8:04  Roach x4  
  188  8:06  Roach x5  
  188  8:08  Roach  
  188  8:09  Roach  
  193  8:13  Roach  
  193  8:14  Roach x2  
  193  8:16  Roach  
  193  8:17  Roach  
  193  8:19  Roach x2  
  187  8:20  Roach x5  
  187  8:22  Roach x2  
  187  8:23  Roach x2  
  199  8:31  Roach  
  199  8:37  Roach  
  199  8:38  Roach x2  
  199  8:39  Roach  
  199  8:40  Roach x3  
  191  8:48  Roach  
  186  8:53  Roach x5  
  186  8:54  Roach  
  186  8:55  Roach x5  
  182  9:00  Infestation Pit  
  182  9:01  Roach  
  182  9:02  Roach x2  
  169  9:04  Roach x2  
  169  9:07  Roach x2  
  163  9:20  Roach x3  
  165  9:28  Roach  
  167  9:33  Ravager x3  
  167  9:34  Ravager x3  
  167  9:35  Zergling x18  
  167  9:36  Zergling x2  
  183  9:38  Hatchery  
  183  9:40  Ravager  
  183  9:42  Drone x2  
  185  9:50  Roach x3  
Show
View Real Time Build Order
Export as new Build Order

Clem Terran 

Build Orders: Reaper Expand 

Get SALT Encoding   

  12  0:00  SCV  
  13  0:12  SCV  
  14  0:17  Supply Depot  
  14  0:24  SCV  
  15  0:38  SCV  
  15  0:40  Barracks  
  16  0:42  Refinery  
  16  0:50  SCV  
  17  1:02  SCV  
  18  1:15  SCV  
  19  1:27  Orbital Command, Reaper  
  20  1:38  Command Center  
  20  1:45  Supply Depot  
  20  1:53  SCV  
  21  1:59  Barracks Reactor  
  21  2:05  SCV  
  22  2:17  SCV  
  22  2:21  Command Center  
  23  2:29  SCV  
  24  2:34  Barracks  
  24  2:36  Marine  
  24  2:37  Marine  
  25  2:41  SCV  
  27  2:47  Factory  
  27  2:54  Orbital Command  
  27  2:56  SCV  
  28  3:00  Marine  
  28  3:02  Marine  
  30  3:08  SCV  
  30  3:10  Refinery  
  31  3:17  Marine  
  32  3:20  Marine, SCV  
  32  3:22  SCV  
  32  3:23  Barracks Tech Lab  
  35  3:32  SCV  
  35  3:33  Orbital Command  
  35  3:34  SCV  
  37  3:36  Marine  
  37  3:38  Marine  
  39  3:42  Stimpack  
  39  3:43  Marine  
  39  3:44  SCV  
  39  3:47  SCV  
  42  3:50  Starport  
  42  3:55  Marine  
  43  3:56  Marine  
  43  3:57  SCV  
  43  3:59  SCV  
  43  4:00  Marine, Factory Reactor  
  43  4:01  SCV  
  48  4:09  SCV  
  49  4:10  Supply Depot  
  49  4:11  SCV  
  49  4:12  Marine  
  49  4:13  Marine  
  49  4:14  SCV  
  53  4:18  Marine  
  53  4:22  SCV  
  53  4:23  SCV  
  56  4:28  SCV  
  56  4:30  Marine  
  58  4:31  Marine  
  58  4:34  Supply Depot  
  58  4:36  Marine  
  60  4:39  SCV x2  
  60  4:42  Medivac x2, Factory Tech Lab, Orbital Command  
  65  4:46  Refinery  
  65  4:47  Refinery  
  65  4:48  Marine  
  65  4:49  Barracks, Marine  
  65  4:51  SCV  
  65  4:52  SCV  
  69  4:55  Marine  
  69  4:56  Supply Depot  
  69  4:57  Engineering Bay x2  
  70  5:03  Siege Tank  
  70  5:05  SCV x2  
  70  5:06  Marine  
  76  5:07  Marine  
  77  5:17  Marine  
  77  5:18  SCV  
  77  5:19  SCV x2, Supply Depot  
  81  5:22  Combat Shield  
  81  5:24  Marine  
  81  5:25  Marine  
  81  5:28  Medivac, Supply Depot  
  82  5:30  SCV  
  85  5:36  Barracks  
  85  5:40  Marine, SCV x2  
  85  5:42  Barracks, SCV  
  89  5:43  Siege Tank  
  89  5:47  Supply Depot  
  89  5:48  Terran Infantry Weapons Level 1  
  92  5:51  Marine  
  92  5:52  Marine  
  92  5:53  SCV  
  92  5:55  SCV x2  
  96  5:57  Terran Infantry Armor Level 1  
  96  6:01  Barracks Reactor, Supply Depot  
  96  6:05  Marauder, SCV  
  96  6:07  SCV, Supply Depot  
  96  6:08  SCV  
  96  6:11  Marine  
  102  6:16  Marine  
  102  6:17  Siege Tank, SCV  
  107  6:19  SCV, Supply Depot  
  107  6:21  SCV  
  107  6:25  Refinery x2  
  109  6:26  Barracks Reactor  
  109  6:28  Marauder  
  109  6:31  Supply Depot  
  109  6:32  SCV  
  112  6:33  SCV  
  112  6:34  Marine  
  112  6:35  Marine, SCV  
  112  6:38  Medivac  
  112  6:39  Marine x2  
  120  6:41  Barracks Tech Lab  
  120  6:44  SCV  
  120  6:48  Supply Depot  
  120  6:49  Marine  
  120  6:52  Marine  
  120  6:53  Factory  
  119  6:55  Marine  
  119  6:56  Supply Depot  
  119  6:58  Marine x2  
  119  6:59  Armory  
  119  7:00  Siege Tank  
  125  7:04  Marine x3  
  125  7:05  Supply Depot  
  125  7:06  Medivac, Supply Depot  
  130  7:09  SCV x2  
  130  7:12  Marine x2  
  134  7:16  Command Center  
  134  7:21  Marine x3  
  134  7:22  Marine, Supply Depot  
  138  7:26  Marine, Supply Depot  
  138  7:29  Marauder  
  141  7:33  Marauder, Marine  
  141  7:36  Siege Tank  
  146  7:39  Marine  
  146  7:40  Marine  
  146  7:41  Factory Tech Lab  
  146  7:42  Marine, Supply Depot  
  149  7:45  Marine x2  
  149  7:46  Supply Depot  
  151  7:53  Terran Infantry Weapons Level 2, Terran Infantry Armor Level 2  
  151  7:57  Marauder  
  140  8:00  Marauder  
  140  8:01  Marine  
  130  8:06  Marine x2  
  130  8:07  Concussive Shells  
  130  8:08  Siege Tank, Marine  
  130  8:10  SCV x2  
  130  8:12  Marine  
  136  8:15  Siege Tank, Marine  
  136  8:18  Medivac  
  140  8:24  Marine x2  
  140  8:25  Marine  
  140  8:26  Marine  
  134  8:27  Marine x2  
  134  8:33  Marine  
  134  8:34  Marine  
  133  8:38  SCV  
  133  8:40  Siege Tank  
  122  8:41  Marine  
  122  8:42  Marauder, Marine  
  122  8:43  Marine  
  122  8:44  Marine  
  122  8:45  Marine  
  125  8:50  Marine, SCV  
  125  8:52  Marine  
  114  8:59  Marine  
  114  9:00  Marine  
  114  9:01  Marine, SCV  
  114  9:02  Marine  
  108  9:03  Marine x2  
  108  9:08  Medivac x2, Marine  
  108  9:09  Marine  
  109  9:13  Siege Tank, SCV  
  111  9:17  Marine  
  111  9:18  Marine, SCV  
  111  9:19  Marine  
  111  9:20  Marine  
  111  9:21  Marine x2, SCV  
  111  9:25  SCV  
  111  9:26  Marine, Factory Tech Lab  
  111  9:27  Marine  
  111  9:30  SCV  
  115  9:35  Marine, SCV  
  115  9:36  Marine  
  119  9:38  Medivac  
  119  9:41  Marine x2  
  119  9:42  Marauder x2, SCV  
  119  9:44  Marine  
  127  9:47  Marine  
  129  9:53  Marine  
Tags
 
Add a new tag
Caveats
  • Supply blocks, unpowered buildings, or Contaminate may cause inaccurate times.
  • Supply counts are checked every 10 seconds.